 Dungeon Crawl Stone Soup version 0.27-a0-1105-g946c659c87 (webtiles) character file.

Game seed: 13499726427699384545

1248 Feb132020 the Covert (level 8, 7/42 HPs)
             Began as a Spriggan Delver on Apr 29, 2021.
             Was a Priest of Jiyva.
             Quit the game on level 8 of the Dungeon.
             The game lasted 00:37:58 (8659 turns).

Feb132020 the Covert (Spriggan Delver)              Turns: 8659, Time: 00:37:58

Health: 7/42       AC:  4    Str:  9    XL:     8   Next: 26%
Magic:  7/9        EV: 20    Int: 10    God:    Jiyva [***...]
Gold:   618        SH:  4    Dex: 19    Spells: 7/7 levels left

rFire    . . .     SeeInvis +   a - +2 dagger (venom)
rCold    . . .     Faith    .   (shield restricted)
rNeg     . . .     Spirit   .   l - +0 robe
rPois    .         Reflect  .   (helmet restricted)
rElec    .         Harm     .   m - +1 cloak
rCorr    +         Rampage  .   (gloves unavailable)
Will     +....                  (boots unavailable)
Stlth    +++++.....             (no amulet)
HPRegen  0.14/turn              (no ring)
MPRegen  0.11/turn              (no ring)

@: very quick
A: very small, no large weapons, unfitting armour, see invisible, speed 3, large
bone plates 1
a: Renounce Religion, Request Jelly


You were on level 8 of the Dungeon.
You worshipped Jiyva.
Jiyva was most pleased with you.
You visited 1 branch of the dungeon, and saw 8 of its levels.
You also visited: Ossuary.

You collected 855 gold pieces.
You spent 237 gold pieces at shops.

Inventory:

Hand Weapons
 a - a +2 dagger of venom (weapon)
 b - a +4 hunting sling
 q - a +1 short sword
Missiles
 s - 84 stones
 v - 14 poisoned darts (quivered)
Armour
 l - a +0 robe (worn)
 m - a +1 cloak (worn)
 y - a +0 robe of the Archmagi
 A - a +1 hat
Magical Staves
 t - a staff of air
Jewellery
 z - a ring of fire
Wands
 g - a wand of digging (3)
 h - a wand of acid (7)
 i - a wand of polymorph (7)
 k - a wand of flame (12)
Scrolls
 c - 2 scrolls of fog
 d - 3 scrolls of magic mapping
 e - 3 scrolls of fear
 j - 3 scrolls of enchant armour
 C - a scroll of amnesia
 D - a scroll of silence {unknown}
Potions
 f - 2 potions of haste
 n - 2 potions of flight {unknown}
 o - 3 potions of curing
 p - 2 potions of resistance
 r - a potion of degeneration {unknown}
 u - a potion of lignification {unknown}
 w - a potion of attraction {unknown}
 B - 4 potions of heal wounds {unknown}


   Skills:
 + Level 4.0 Fighting
 + Level 6.3 Short Blades
 + Level 1.7(1.9) Slings
 + Level 0.7(1.2) Throwing
 + Level 5.1 Dodging
 + Level 11.7 Stealth
 + Level 0.2 Shields


You had 7 spell levels left.
You didn't know any spells.
Your spell library contained the following spells:

 Spells                   Type           Power      Damage    Failure   Level
 Animate Skeleton         Necr           0%         N/A       36%         1
 Beastly Appendage        Tmut           0%         N/A       36%         1
 Pain                     Necr           0%         1d4       36%         1
 Summon Small Mammal      Summ           0%         N/A       36%         1
 Call Imp                 Summ           0%         N/A       50%         2
 Poisonous Vapours        Pois/Air       0%         N/A       50%         2
 Wereblood                Tmut           0%         N/A       50%         2
 Call Canine Familiar     Summ           0%         N/A       75%         3
 Conjure Flame            Conj/Fire      0%         6-21      75%         3
 Mephitic Cloud           Conj/Pois/Air  0%         N/A       75%         3
 Spider Form              Tmut/Pois      0%         N/A       75%         3
 Summon Guardian Golem    Hex/Summ       0%         N/A       75%         3
 Vampiric Draining        Necr           0%         2d6       75%         3
 Animate Dead             Necr           0%         N/A       98%         4
 Cause Fear               Hex            0%         N/A       98%         4
 Ice Form                 Ice/Tmut       0%         N/A       98%         4
 Summon Ice Beast         Ice/Summ       0%         N/A       98%         4
 Summon Lightning Spire   Summ/Air       0%         N/A       98%         4
 Agony                    Necr           0%         N/A       100%        5
 Hydra Form               Tmut           0%         N/A       100%        5
 Silence                  Hex/Air        0%         N/A       100%        5
 Yara's Violent Unravell  Hex/Tmut       0%         3d3       100%        5
 Freezing Cloud           Conj/Ice/Air   0%         6-21      100%        6
 Discord                  Hex            0%         N/A       100%        8


Dungeon Overview and Level Annotations

Branches:
Dungeon (8/15)             Temple (0/1) D:4         Ossuary (visited)
   Lair: D:8-11

Altars:
Fedhas
Wu Jian
The Shining One
Jiyva

Shops:
D:1 *   D:2 (   D:8 (


Innate Abilities, Weirdness & Mutations

You are very small and have problems with some larger weapons.
You are too small for most types of armour.
You have supernaturally acute eyesight. (SInv)
You cover ground extremely quickly. (Speed+++)
You are partially covered in large bone plates. (SH +4)


Message History

You hit the goblin zombie but do no damage.
The goblin zombie is almost destroyed.
The gnoll sergeant hits you from afar with a +0 spear!
You block the goblin zombie's attack. The gnoll hits you but does no damage.
The goblin zombie barely misses you.
You hit the goblin zombie.
You destroy the goblin zombie!
The gnoll sergeant hits you from afar with a +0 spear.
The gnoll misses you. The goblin zombie closely misses you.
Your Fighting skill increases to level 4!
The goblin zombie hits you but does no damage.
You can no longer turn your foes to slime.
The gnoll completely misses the jelly.
You hit the goblin zombie.
The goblin zombie is severely damaged.
The gnoll sergeant hits you from afar with a +0 spear.
The goblin zombie completely misses you.
The gnoll hits the jelly with a +0 club.
The gnoll is burned by acid!
You hit the goblin zombie.
You destroy the goblin zombie!
The jelly closely misses the gnoll.
The gnoll sergeant hits you from afar with a +0 spear!
Unknown command.
The gnoll hits the jelly with a +0 club!
The gnoll is burned by acid!
The jelly hits the gnoll but does no damage.
You completely miss the gnoll sergeant. You block the gnoll sergeant's attack.
The gnoll hits the jelly with a +0 club.
The gnoll is burned by acid!
You closely miss the gnoll sergeant.
The jelly barely misses the gnoll.
The gnoll sergeant hits you with a +0 spear.
* * * LOW HITPOINT WARNING * * *
You hit the gnoll sergeant but do no damage.
The gnoll hits the jelly with a +0 club!
The jelly dies!
Okay, then.
Okay, then.
Okay, then.
Are you sure you want to abandon this character and quit the game? (Confirm with "yes".)

#. .. .. . . ... .## .##...
..## ...... #..# ##. #.....
#. #.. ..# ##g#... #.
#.######.# ####..#...
####.##.#.@..#.# #.........
........###gg#.###.........
.............#..#g.....<...
........###..#.............
........#....#.............
.....>.g######g............
#######.....g......$.......
................)......∩.#
########..................


You could see a gnoll sergeant and a gnoll.

Vanquished Creatures
  Sigmund (D:6)
  A water moccasin (D:5)
  An ogre (D:4)
  An elf zombie (Ossuary)
  6 scorpions
  A water moccasin skeleton (D:4)
  3 human zombies (Ossuary)
  A bullfrog zombie (D:5)
  A hound (D:5)
  2 orc priests (D:7)
  Crazy Yiuf (D:2)
  A jelly (D:4)
  3 iguanas
  A hound skeleton (D:5)
  2 mummies (Ossuary)
  A howler monkey zombie (D:6)
  4 adders
  An ufetubus (D:5)
  An adder skeleton (D:4)
  2 dart slugs
  5 orcs
  3 bats
  A giant cockroach (D:4)
  4 goblins
  4 hobgoblins
  2 quokkas (D:2)
  6 ball pythons
  A frilled lizard (D:3)
  3 goblin zombies
  5 hobgoblin zombies (Ossuary)
  6 kobolds
  13 kobold zombies (Ossuary)
  7 orc zombies (Ossuary)
  A rat (D:1)
96 creatures vanquished.

Vanquished Creatures (others)
  A water moccasin (D:7)
  An acid dragon (D:7)
  A sky beast (D:7)
  An orc warrior (D:6)
  A necrophage (D:5)
  A black bear (D:7)
  A bullfrog (D:7)
  3 scorpions
  2 centaur zombies (Ossuary)
  2 hounds
  A human zombie (Ossuary)
  A bullfrog skeleton (D:6)
  32 jellies
  Natasha (thrice) (D:2)
  4 orc wizards
  An iguana (D:7)
  An adder (D:2)
  3 worms (D:2)
  2 endoplasms (D:2)
  15 orcs
  A giant cockroach (D:2)
  A goblin (D:3)
  A hobgoblin (D:3)
  A quokka (D:4)
  A ball python (D:3)
  A frilled lizard (D:2)
  A goblin zombie (Ossuary)
  A hobgoblin zombie (Ossuary)
  2 kobolds (D:2)
  2 kobold zombies (Ossuary)
  A rat (D:2)
  7 fungi (D:1)
  7 plants
104 creatures vanquished.

Grand Total: 200 creatures vanquished

Notes
Turn   | Place    | Note
-------+----------+-------------------------------------------
     0 | D:5      | Feb132020 the Spriggan Delver began the quest for the Orb.
     0 | D:5      | Reached XP level 1. HP: 11/11 MP: 2/2
    34 | D:5      | Noticed a necrophage
    85 | D:5      | Reached XP level 2. HP: 5/16 MP: 3/3
   327 | D:5      | Noticed a scorpion
   336 | D:5      | Noticed a water moccasin
   528 | D:4      | Reached skill level 8 in Stealth
   528 | D:4      | Reached XP level 3. HP: 19/19 MP: 4/4
   574 | D:4      | Noticed a scorpion
   649 | D:3      | Found a blossoming altar of Fedhas.
  1109 | D:1      | Found Yklyenk's General Store.
  1650 | D:1      | Found a faded altar of an unknown god.
  1655 | D:1      | Became a worshipper of Jiyva Jiutuass the Shapeless
  1655 | D:1      | Reached * piety under Jiyva
  1979 | D:2      | Reached skill level 9 in Stealth
  2218 | D:2      | Noticed Natasha
  2374 | D:2      | Noticed a scorpion
  2392 | D:2      | Reached XP level 4. HP: 22/23 MP: 2/5
  2821 | D:2      | Found a glowing golden altar of the Shining One.
  2937 | D:2      | Killed a scorpion
  2996 | D:2      | Killed Natasha
  3074 | D:2      | Killed Natasha
  3133 | D:2      | Found Wega's Antique Weapon Boutique.
  3170 | D:2      | Killed Natasha
  3297 | D:2      | Found a runed translucent door.
  3298 | D:2      | Noticed Crazy Yiuf
  3305 | D:2      | Killed Crazy Yiuf
  3480 | D:3      | Noticed a scorpion
  3484 | D:3      | Killed a scorpion
  3485 | D:3      | Reached XP level 5. HP: 27/27 MP: 6/6
  3532 | D:3      | Reached skill level 10 in Stealth
  4050 | D:4      | Found an ornate altar of the Wu Jian Council.
  4078 | D:4      | Reached XP level 6. HP: 21/32 MP: 7/7
  4117 | D:4      | You fall into a shaft and drop 2 floors!
  4245 | D:6      | Noticed Sigmund
  4248 | D:6      | Killed Sigmund
  4352 | D:6      | Identified a scroll of acquirement
  4352 | D:6      | Acquired 641 gold pieces
  4387 | D:6      | Reached ** piety under Jiyva
  4477 | D:6      | Killed an orc warrior
  4682 | D:5      | Reached skill level 11 in Stealth
  4697 | D:5      | Reached XP level 7. HP: 36/36 MP: 8/8
  4880 | D:5      | Reached skill level 5 in Short Blades
  5214 | D:4      | Found a staircase to the Ecumenical Temple.
  5290 | D:2      | Bought a glowing hunting sling for 112 gold pieces
  5290 | D:2      | Bought a glowing dagger for 125 gold pieces
  5723 | D:4      | Reached *** piety under Jiyva
  6728 | D:7      | Reached XP level 8. HP: 6/40 MP: 9/9
  6733 | D:7      | Reached skill level 1 in Slings
  6928 | D:7      | Reached **** piety under Jiyva
  6928 | D:7      | Gained mutation: You are partially covered in large bone
                  | plates. (SH +4) [Jiyva's grace]
  7068 | D:7      | Noticed a manticore
  7634 | D:8      | Found Eqoga's Antique Weapon Shoppe.
  7658 | D:8      | Found a sand-covered staircase.
  7687 | Ossuary  | Entered an ossuary
  8148 | Ossuary  | Reached skill level 5 in Dodging
  8659 | D:8      | Quit the game

Illustrated notes

Levels and vault maps discovered:
D:1:      dpeg_arrival_shelter, layout_loops_corners, serial_shops, shop,
          serial_rivers, chequers_serial_rivers_small_3,
          chequers_serial_rivers_small_3, chequers_serial_rivers_micro_a,
          chequers_serial_rivers_room_b, shapermc_ecumenical_altar_hornbeckon
D:2:      layout_basic, basic_altar, serial_shops,
          nicolae_shop_overgrown_old_shop, uniq_crazy_yiuf_cottage, uniq_natasha
D:3:      layout_basic, lemuel_tele_altar
D:4:      layout_rooms, nicolae_wu_jian_wuxing_cycle, temple_pool_b,
          minmay_strange_pillars, minmay_misc_feat_hallway
D:5:      layout_cave_pods
D:6:      layout_basic, kennysheep_generic_room_4, uniq_sigmund
D:7:      layout_rooms, minmay_small_thing
D:8:      layout_rooms, lemuel_crystal_altar, serial_shops, shop_fountains,
          shop_coins, shop, nicolae_shop_behind_doors, shop, enter_ossuary_4,
          uniq_grum, uniq_prince_ribbit1

Skill      XL: |  1  2  3  4  5  6  7  8 |
---------------+-------------------------+-----
Stealth        | 8 9 10 11 | 11.7
Dodging        | 3 4 5 |  5.1
Short Blades   | 3 4 5 6 |  6.3
Fighting       | 3 4 |  4.0
Slings         | 1 |  1.7
Throwing       | |  0.7
Shields        | |  0.2

Action                   |  1- 3 |  4- 6 |  7- 9 || total
-------------------------+-------+-------+-------++-------
Melee: Short sword       |    55 |    58 |    34 ||   147
       Dagger            |       |       |   370 ||   370
 Fire: Hunting sling     |       |       |    21 ||    21
Throw: Dart              |     3 |     2 |       ||     5
Invok: Request Jelly     |     2 |     2 |     1 ||     5
Evoke: Wand              |     1 |       |       ||     1
  Use: Scroll            |       |     7 |     3 ||    10
 Stab: Sleeping          |     8 |    12 |     8 ||    28
       Distracted        |       |       |     1 ||     1
Armor: Robe              |     6 |     3 |    35 ||    44
Dodge: Dodged            |    45 |    44 |   232 ||   321
Block: Other             |       |       |    24 ||    24

Table legend: (Time is in decaauts)
 A = Elapsed time spent in this place.
 B = Non-inter-level travel time spent in this place.
 C = Inter-level travel time spent in this place.
 D = Time resting spent in this place.
 E = Time spent auto-exploring this place.
 F = Levels seen in this place.
 G = Mean time per level.
                   A        B        C        D        E       F      G
               +--------+--------+--------+--------+--------+-----+--------+
         Total |   6323 |   6079 |    244 |    311 |   4295 |   9 |  702.6 |
       Dungeon |   5519 |   5275 |    244 |    311 |   3791 |   8 |  689.9 |
       Ossuary |    803 |    803 |      0 |      0 |    504 |   1 |  803.0 |
               +--------+--------+--------+--------+--------+-----+--------+

Top non-repeatable levels by time:
     D:2: 1095 daAuts
     D:5: 1060 daAuts
     D:7: 842 daAuts
 Ossuary: 803 daAuts
     D:1: 695 daAuts
     D:3: 677 daAuts
     D:4: 563 daAuts
     D:6: 539 daAuts
     D:8: 45 daAuts
